 Dungeon Crawl Stone Soup version 0.32-a0-818-gb728d02 (webtiles) character file.

Game seed: 6225623720992704082

57 Meow the Conjurer (level 4, 36/36 HPs)
             Began as a Naga Conjurer on Mar 23, 2024.
             Quit the game on level 2 of the Dungeon.
             The game lasted 00:04:40 (1126 turns).

Meow the Conjurer (Naga Conjurer)                   Turns: 1126, Time: 00:04:41

Health: 36/36      AC:  2    Str:  9    XL:     4   Next: 0%
Magic:  1/8        EV:  8    Int: 20    God:
Gold:   104        SH:  0    Dex: 10    Spells: 6/9 levels left

rFire   . . .        a - staff of conjuration
rCold   . . .        (no shield)
rNeg    . . .        g - +0 robe
rPois   +            (no helmet)
rElec   .            (no cloak)
rCorr   .            (no gloves)
SInv    +            (no barding)
Will    .....        (no amulet)
Stlth   ++           (no ring)
HPRegen 0.26/turn    (no ring)
MPRegen 0.11/turn

%: no passive effects
@: short of breath, very slow
A: AC +1, large, see invisible, deformed body, poison resistance, slowness 2,
spit poison 1, naga tail 1
a: Spit Poison


You were on level 2 of the Dungeon.
You visited 1 branch of the dungeon, and saw 2 of its levels.

You collected 104 gold pieces.

Inventory:

Hand Weapons
 l - a +1 club
 o - a +0 quarterstaff
Missiles
 c - 6 datura-tipped darts
Armour
 g - a +0 robe (worn)
Magical Staves
 a - a staff of conjuration (weapon)
Talismans
 n - a serpent talisman
Scrolls
 d - a scroll of revelation {unknown}
 e - a scroll of amnesia {unknown}
 f - a scroll of enchant weapon
 h - 2 scrolls of identify {unknown}
 j - 2 scrolls of fog {unknown}
 m - a scroll of poison {unknown}
Potions
 b - a potion of magic
 i - 2 potions of brilliance {unknown}
 k - a potion of degeneration {unknown}


   Skills:
 - Level 1.5 Dodging
 - Level 3.0 Stealth
 + Level 3.0 Spellcasting
 + Level 4.8 Conjurations


You had 6 spell levels left.
You knew the following spells:

 Your Spells              Type           Power      Damage    Failure   Level
a - Magic Dart            Conj           100%       1d8       1%          1
b - Searing Ray           Conj           66%        2d6       3%          2

Your spell library contained the following spells:

 Spells                   Type           Power      Damage    Failure   Level
 Fulminant Prism          Conj/Alch      9%         3d7       47%         4
 Iskenderun's Mystic Bla  Conj/Tloc      18%        2d6       47%         4


Dungeon Overview and Level Annotations

Branches:
Dungeon (2/15)

Altars:


Innate Abilities, Weirdness & Mutations

Your serpentine skin is tough. (AC +1)
You have supernaturally acute eyesight. (SInv)
Armour fits poorly on your strangely shaped body.
Your system is resistant to poisons. (rPois)
You cover ground very slowly.
You can spit poison.
You have a snake-like lower body.


Message History

Casting: Magic Dart (safe; 1% risk of failure)
Confirm with . or Enter, or press ? or * to list all spells.
Aiming: Searing Ray (safe; 3% risk of failure)
Press: ? - help, Shift-Dir - straight line, f/p - kobold
Aim: a kobold, wielding a +2 whip of electrocution and quivering stones (severely wounded, poisoned, 76% to hit)
You feel a surge of power!
The searing ray hits the kobold.
You kill the kobold! (Press . to maintain the ray.)
You have got your breath back.
You start resting.
A ribbon worm comes into view.
Casting: Searing Ray (safe; 3% risk of failure)
Confirm with . or Enter, or press ? or * to list all spells.
Aiming: Magic Dart (safe; 1% risk of failure)
Press: ? - help, Shift-Dir - straight line, f - ribbon worm
Aim: a ribbon worm (wandering, hasn't noticed you, 100% to hit)
You feel a surge of power!
The magic dart hits the ribbon worm.
The ribbon worm is lightly wounded.
Unknown command.
Aiming: Spit Poison (2% risk of failure)
Press: ? - help, Shift-Dir - straight line, f/p - ribbon worm
Aim: a ribbon worm (86% to hit)
The splash of poison hits the ribbon worm.
The ribbon worm is poisoned.
The ribbon worm is moderately wounded.
Unknown command.
Casting: Magic Dart (safe; 1% risk of failure)
Confirm with . or Enter, or press ? or * to list all spells.
Aiming: Searing Ray (safe; 3% risk of failure)
Press: ? - help, Shift-Dir - straight line, f/p - ribbon worm
Aim: a ribbon worm (moderately wounded, poisoned, 93% to hit)
You feel a surge of power!
The searing ray hits the ribbon worm.
The ribbon worm is severely wounded. (Press . to maintain the ray.) Unknown command.
The searing ray hits the ribbon worm!
You kill the ribbon worm!
You have reached level 4!
You feel agile.
Are you sure you want to abandon this character and quit the game? (Confirm with "yes".)

##..............
................
............... .
###.........)..) ..#
..'............. ....
####............. .(...
...'.............
......########.............
....).'...@........#####.##
......###########..# #.#
..... #..## #.# .... #...#
#.# ... #.#.# #.# .. #.#.##
#.# . #.#..# #.# #.##.###
#.##...#


There were no monsters in sight!

Vanquished Creatures
  An adder (D:2)
  A ribbon worm (D:2)
  4 dart slugs
  4 endoplasms (D:1)
  4 giant cockroaches (D:1)
  3 goblins (D:1)
  4 hobgoblins (D:1)
  3 ball pythons (D:1)
  2 bats (D:1)
  3 frilled lizards (D:1)
  5 kobolds
  A rat (D:1)
35 creatures vanquished.

Notes
Turn   | Place    | Note
-------+----------+-------------------------------------------
     0 | D:1      | Meow the Naga Conjurer began the quest for the Orb.
     0 | D:1      | Reached XP level 1. HP: 15/15 MP: 3/3
   200 | D:1      | Reached XP level 2. HP: 22/22 MP: 0/5
   203 | D:1      | Learned a level 2 spell: Searing Ray
   522 | D:1      | Reached XP level 3. HP: 28/28 MP: 3/6
  1126 | D:2      | Reached XP level 4. HP: 36/36 MP: 1/8
  1126 | D:2      | Quit the game

Illustrated notes

Levels and vault maps discovered:
D:1:      dpeg_arrival_rooms_c, layout_basic, minmay_tromino_mix6
D:2:      layout_basic, uniq_natasha

Skill      XL: |  1  2  3 |
---------------+----------+-----
Spellcasting   | 3 |  3.0
Dodging        | |  1.5
Stealth        | |  3.0
Conjurations   | |  4.8

Action                     |  1- 3 |  4- 6 || total
---------------------------+-------+-------++-------
   Cast: Magic Dart        |    31 |       ||    31
         Searing Ray       |     7 |       ||     7
Ability: Spit Poison       |    17 |       ||    17
    Use: Scroll            |     1 |       ||     1
 Armour: Robe              |     5 |       ||     5
  Dodge: Dodged            |     2 |       ||     2

Table legend: (Time is in decaauts)
 A = Elapsed time spent in this place.
 B = Non-inter-level travel time spent in this place.
 C = Inter-level travel time spent in this place.
 D = Time resting spent in this place.
 E = Time spent auto-exploring this place.
 F = Levels seen in this place.
 G = Mean time per level.
                   A        B        C        D        E       F      G
               +--------+--------+--------+--------+--------+-----+--------+
         Total |   1353 |   1281 |     72 |    452 |    650 |   2 |  676.5 |
       Dungeon |   1353 |   1281 |     72 |    452 |    650 |   2 |  676.5 |
               +--------+--------+--------+--------+--------+-----+--------+

Top non-repeatable levels by time:
     D:1: 1118 daAuts
     D:2: 234 daAuts
